 Dungeon Crawl Stone Soup version 0.21-a0-440-g28109cb (webtiles) character file.

107 Autsider the Charmwright (level 4, -1/33 HPs)
             Began as a Merfolk Skald on Nov 11, 2017.
             Was an Initiate of Nemelex Xobeh.
             Slain by an orc
             ... wielding a +0 mace
              (3 damage)
             ... on level 3 of the Dungeon.
             The game lasted 00:09:16 (1723 turns).

Autsider the Charmwright (Merfolk Skald)            Turns: 1723, Time: 00:09:17

Health: -1/33      AC:  4    Str: 13    XL:     4   Next: 86%
Magic:  5/7        EV: 12    Int: 13    God:    Nemelex Xobeh [......]
Gold:   126        SH:  0    Dex: 13    Spells: 1/7 levels left

rFire    . . .     SeeInvis .   a - +1 spear
rCold    . . .     Gourm    +   (no shield)
rNeg     . . .     Faith    .   b - +1 leather armour
rPois    .         Spirit   .   (no helmet)
rElec    .         Reflect  .   (no cloak)
rCorr    .         Harm     .   (no gloves)
MR       .....                  (no boots)
Stlth    +.........             j - amulet of the gourmand
HPRegen  0.11/turn              k - +2 ring of strength
MPRegen  0.10/turn              (no ring)

@: no status effects
A: change form in water, swift swim, stealthy swim
a: Renounce Religion


You were on level 3 of the Dungeon.
You worshipped Nemelex Xobeh.
Nemelex Xobeh was noncommittal.
You were not hungry.

You visited 1 branch of the dungeon, and saw 3 of its levels.

You collected 126 gold pieces.

Inventory:

Hand Weapons
 a - a +1 spear (weapon)
 l - a +2 whip of venom
Armour
 b - a +1 leather armour (worn)
Jewellery
 j - an amulet of the gourmand (around neck)
 k - a +2 ring of strength (left hand)
Scrolls
 h - a scroll of identify
 o - a scroll of fear
 q - a scroll of remove curse {unknown}
Potions
 e - a potion of agility
 g - 2 potions of curing {unknown}
 i - a potion of brilliance {unknown}
 n - a potion of lignification {unknown}
Books
 c - a book of Battle

   Spells                             Type                      Level
   a - Infusion                       Charms                       1
   b - Shroud of Golubria             Charms/Translocation         2
   c - Song of Slaying                Charms                       2
   d - Spectral Weapon                Hexes/Charms                 3
   e - Regeneration                   Charms/Necromancy            3
Miscellaneous
 m - a plain deck of destruction {drawn: 3}
Comestibles
 d - 3 bread rations
 f - 2 meat rations
 p - 6 chunks of flesh


   Skills:
 - Level 2.1 Fighting
 - Level 3.0 Polearms
 - Level 0.6 Armour
 - Level 2.6 Dodging
 - Level 2.0 Spellcasting
 + Level 1.4 Hexes
 * Level 4.9 Charms
 + Level 1.7 Translocations


You had one spell level left.
You knew the following spells:

 Your Spells              Type           Power        Failure   Level  Hunger
a - Infusion              Chrm           ##..         4%          1    ##.....
b - Shroud of Golubria    Chrm/Tloc      #.........   12%         2    ###....
c - Spectral Weapon       Hex/Chrm       #.......     26%         3    ####...


Dungeon Overview and Level Annotations

Branches:
Dungeon (3/15)

Altars:
Nemelex Xobeh


Message History

The orc is severely wounded.
The orc hits you with a mace.
* * * LOW HITPOINT WARNING * * *
You barely miss the orc.
The orc is severely wounded.
You hit the orc.
The orc is almost dead.
The orc barely misses you.
You closely miss the orc.
The orc is almost dead.
The orc hits you with a mace.
* * * LOW HITPOINT WARNING * * *
You are too injured to fight recklessly!
You are too injured to fight recklessly!
You are too injured to fight recklessly!
You hit the orc but do no damage.
The orc is almost dead.
The orc hits you with a mace.
You die...
Your body disappears without a glow.

#.......# ##
#.......### ..
...........# #.
########.#)# #.
#.#(# #. #.#(# #.
#.#.#
#.##########.#.#
#####
#.[....o@..#.#.#
#....
##########)#.#.#
#.### #.#.#.#
#.### #.#.#.#
#.#..
#.#.#.######.##(
#.#.#........##รท
#.#.###########.
#.#.............
#...............


You could see an orc.

Vanquished Creatures
  A bullfrog skeleton (D:2)
  An orc wizard (D:3)
  A worm (D:2)
  3 leopard geckos
  An orc (D:3)
  4 bats
  3 giant cockroaches
  6 goblins
  6 hobgoblins
  2 quokkas (D:2)
  2 ball pythons
  2 frilled lizards
  7 kobolds
  3 rats (D:1)
42 creatures vanquished.

Notes
Turn   | Place    | Note
-------+----------+-------------------------------------------
     0 | D:1      | Autsider the Merfolk Skald began the quest for the Orb.
     0 | D:1      | Reached XP level 1. HP: 16/16 MP: 3/3
   150 | D:1      | Reached XP level 2. HP: 22/22 MP: 5/5
   157 | D:1      | Learned a level 2 spell: Shroud of Golubria
   337 | D:1      | Reached skill level 4 in Charms
   605 | D:2      | Reached XP level 3. HP: 27/27 MP: 6/6
   610 | D:2      | Learned a level 3 spell: Spectral Weapon
   730 | D:2      | Reached skill level 1 in Translocations
   863 | D:2      | Found a sparkling altar of Nemelex Xobeh.
   877 | D:2      | Became a worshipper of Nemelex Xobeh the Trickster
   878 | D:2      | Received a gift from Nemelex Xobeh
  1087 | D:2      | Reached skill level 1 in Hexes
  1087 | D:2      | Reached XP level 4. HP: 17/33 MP: 0/7
  1717 | D:3      | HP: 1/33 [orc/mace (4)]
  1723 | D:3      | Slain by an orc

Vault maps used:
D:1:      wheals_arrival_shading, serial_forest, infiniplex_forest_lined_2,
          infiniplex_forest_lined_room_2, infiniplex_forest_end_2,
          infiniplex_forest_clump_large, infiniplex_forest_lined_4_way,
          infiniplex_forest_lined_4_way, infiniplex_forest_end_3,
          infiniplex_forest_straight_2, infiniplex_forest_straight_3
D:2:      nemelex_xobeh_ov_fountains_minmay, first_bread, minmay_heptomino_w4
D:3:      lemuel_crystal_altar

Skill      XL: |  1  2  3 |
---------------+----------+-----
Charms         | 4 |  4.9
Translocations | 1 |  1.7
Hexes          | 1 |  1.4
Fighting       | |  2.1
Polearms       | |  3.0
Armour         | |  0.6
Dodging        | |  2.6
Spellcasting   | |  2.0

Action                   |  1- 3 |  4- 6 || total
-------------------------+-------+-------++-------
Melee: Spear             |   117 |    60 ||   177
 Cast: Infusion          |     4 |     2 ||     6
       Shroud of Golubri |     1 |     2 ||     3
Evoke: Deck              |     3 |       ||     3
  Use: Scroll            |     6 |       ||     6
 Stab: Sleeping          |     1 |     1 ||     2
  Eat: Chunk             |     1 |     2 ||     3
Armor: Leather armour    |     9 |    11 ||    20
Dodge: Dodged            |    53 |    19 ||    72

Table legend:
 A = Spawn XP
 B = Non-spawn XP
 C = Spawn XP percentage of total XP
 D = Spawn monster count
 E = Non-spawn monster count
 F = Spawn count percentage of total count
 G = Total turns spent on level
                    A         B        C        D         E        F      G
               +---------+---------+-------+---------+---------+-------+---------
         Total |       0 |     154 |   0.0 |       0 |      42 |   0.0 |  1723
               +---------+---------+-------+---------+---------+-------+---------
           D:1 |       0 |      32 |   0.0 |       0 |      19 |   0.0 |   584
           D:2 |       0 |      72 |   0.0 |       0 |      16 |   0.0 |   928
           D:3 |       0 |      50 |   0.0 |       0 |       7 |   0.0 |   211
               +---------+---------+-------+---------+---------+-------+---------
